 Dungeon Sprint DCSS version 0.30-a0-738-g116ff8c4af (webtiles) character file.

Game seed: 11352212264714230426

266 sircluck the Covert (level 6, -18/48 HPs)
             Began as a Spriggan Brigand on Feb 3, 2023.
             Demolished by a slime creature (21 damage)
             ... in the Dungeon (Sprint I: "Red Sonja").
             The game lasted 00:02:31 (159 turns).

sircluck the Covert (Spriggan Brigand)               Turns: 159, Time: 00:02:32

Health: -18/48     AC:  3    Str:  7    XL:     6   Next: 0%
Magic:  7/7        EV: 18    Int: 12    God:
Gold:   162        SH:  0    Dex: 19    Spells: 5/5 levels left

rFire   . . .      SeeInvis +    a - +2 dagger
rCold   . . .      Faith    .    (no shield)
rNeg    . . .      Spirit   .    b - +0 robe
rPois   .          Reflect  .    (helmet restricted)
rElec   .          Harm     .    c - +0 cloak
rCorr   .          Rampage  .    (gloves unavailable)
Will    +....      NoTele   +    (boots unavailable) Stlth
                                 (no amulet)
HPRegen 0.28/turn                (no ring)
MPRegen 0.10/turn                (no ring)

@: berserking, very quick
A: very small, no large weapons, unfitting armour, see invisible, speed 3
a: no special abilities


You were in the Dungeon.
You visited 1 branch You collected 162 gold pieces.

Inventory:

Hand Weapons
 a - a +2 dagger (weapon)
Missiles
 d - 3 poisoned darts (quivered)
Armour
 b - a +0 robe (worn)
 c - a +0 cloak (worn)
 g - a +0 robe
Wands
 e - a wand of paralysis (2)
Scrolls
 k - a scroll of blinking
Potions
 h - a potion of haste
 i - 2 potions of magic


   Skills:
 + Level 3.4 Fighting
 + Level 4.3 Short Blades
 + Level 6.7 Throwing
 + Level 2.9 Dodging
 + Level 14.8 Stealth
 + Level 0.6 Evocations


You had 5 spell levels left.
You didn't know any spells.
Your spell library was empty.

Dungeon Overview and Level Annotations

Branches:
Dungeon (1/1)

Altars:
Makhleb
Xom
Jiyva
Lugonu


Innate Abilities, Weirdness & Mutations

You are very small and have problems with some larger weapons.
You are too small for most types of armour.
You have supernaturally acute eyesight. (SInv)
You cover ground extremely quickly. (Speed+++)


Message History

a +0 giant club; an ogre corpse
There is a fountain of clear blue water here.
Throw: 6 darts (poison)
Press: ? - help, Q - select action, (/) - cycle Shift-Dir - straight line, f/p - slime creature
Aim: a slime creature (lightly wounded, 84% to hit)
You throw a poisoned dart.
The poisoned dart hits the slime creature.
The slime creature is lightly wounded.
Throw: 5 darts (poison)
Press: ? - help, Q - select action, (/) - cycle Shift-Dir - straight line, f/p - slime creature
Aim: a slime creature (lightly wounded, 84% to hit)
You throw a poisoned dart.
The poisoned dart hits the slime creature!
The slime creature is lightly wounded.
Throw: 4 darts (poison)
Press: ? - help, Q - select action, (/) - cycle Shift-Dir - straight line, f/p - slime creature
Aim: a slime creature (lightly wounded, 84% to hit)
You throw a poisoned dart.
The poisoned dart hits the slime creature!
The slime creature is lightly wounded.
You hit the slime creature.
The slime creature is lightly wounded.
You hit the slime creature.
The slime creature is moderately wounded.
The slime creature hits you!
* * * LOW HITPOINT WARNING * * *
You feel better. The slime creature closely misses you.
A red film seems to cover your vision as you go berserk!
You feel yourself moving faster!
You feel mighty! The slime creature closely misses you.
You puncture the slime creature!
The slime creature is heavily wounded.
The slime creature hits you!
* * * LOW HITPOINT WARNING * * *
You puncture the slime creature!
The slime creature is severely wounded.
You hit the slime creature.
The slime creature is severely wounded.
The slime creature hits you!!
You die...

################ ##
#<.#..J..#.)'..#__#
#..)..#..'..#..'((+
#.(#####'#####+#__#
#.(# #..# ## #.(#
#### #.J# #⌠@# ####


You could see a slime creature.

Vanquished Creatures
  Sigmund (D)
  An ogre (D)
  Ijyb (D)
3 creatures vanquished.

Notes
Turn   | Place    | Note
-------+----------+-------------------------------------------
     0 | D        | sircluck the Spriggan Brigand began the quest for the Orb.
     0 | D        | Reached XP level 1. HP: 10/10 MP: 2/2
     2 | D        | Noticed Ijyb
    12 | D        | Paralysed by Ijyb for 4 turns
    20 | D        | Killed Ijyb
    21 | D        | Reached skill level 9 in Stealth
    21 | D        | Reached XP level 2. HP: 10/15 MP: 3/3
    35 | D        | Noticed an ogre
    50 | D        | Killed an ogre
    51 | D        | Reached skill level 12 in Stealth
    51 | D        | Reached XP level 3. HP: 19/19 MP: 4/4
    51 | D        | Reached XP level 4. HP: 23/23 MP: 5/5
    67 | D        | Noticed Sigmund
    85 | D        | Killed Sigmund
    86 | D        | Reached skill level 14 in Stealth
    86 | D        | Reached XP level 5. HP: 28/28 MP: 6/6
    86 | D        | Reached XP level 6. HP: 32/32 MP: 7/7
   118 | D        | Found a burning altar of Makhleb.
   118 | D        | Found a viscous altar of Jiyva.
   118 | D        | Found a shimmering altar of Xom.
   118 | D        | Found a corrupted altar of Lugonu.
   118 | D        | Noticed a slime creature
   159 | D        | Demolished by a slime creature

Illustrated notes

Levels and vault maps discovered:
D:        dungeon_sprint_1 [red_sonja_temple_1, red_sonja_temple_small_1]

Skill      XL: |  1  2  3  4 |
---------------+-------------+-----
Fighting       | 2 3 |  3.4
Throwing       | 3 4 6 |  6.7
Stealth        | 9 12 14 | 14.8
Short Blades   | 3 4 |  4.3
Dodging        | 2 |  2.9
Evocations     | |  0.6

Action                     |  1- 3 |  4- 6 || total
---------------------------+-------+-------++-------
  Melee: Dagger            |     6 |    14 ||    20
  Throw: Dart              |    16 |    16 ||    32
  Evoke: Wand              |       |     1 ||     1
    Use: Potion            |       |     3 ||     3
 Armour: Robe              |       |     1 ||     1
  Dodge: Dodged            |     6 |     9 ||    15

Table legend: (Time is in decaauts)
 A = Elapsed time spent in this place.
 B = Non-inter-level travel time spent in this place.
 C = Inter-level travel time spent in this place.
 D = Time resting spent in this place.
 E = Time spent auto-exploring this place.
 F = Levels seen in this place.
 G = Mean time per level.
                   A        B        C        D        E       F      G
               +--------+--------+--------+--------+--------+-----+--------+
         Total |    117 |    117 |      0 |      0 |      0 |   1 |  117.0 |
       Dungeon |    117 |    117 |      0 |      0 |      0 |   1 |  117.0 |
               +--------+--------+--------+--------+--------+-----+--------+

Top non-repeatable levels by time:
       D: 117 daAuts
